 Dungeon Crawl Stone Soup version 0.27-a0-328-g7f782ed93a (webtiles) character file.

Game seed: 18077558877197065628

20 CurlyBrace the Caller (level 2, 2/12 HPs)
             Began as a Felid Summoner on Feb 11, 2021.
             Quit the game on level 4 of the Dungeon.
             The game lasted 00:02:58 (374 turns).

CurlyBrace the Caller (Felid Summoner)               Turns: 374, Time: 00:02:59

Health: 2/12       AC:  1    Str:  4    XL:     2   Next: 58%
Magic:  5/6        EV: 18    Int: 16    God:
Gold:   37         SH:  0    Dex: 16    Spells: 4/5 levels left
                                        Lives:  0   Deaths: 0

rFire    . . .     SeeInvis +     - Unarmed
rCold    . . .     Faith    .   (shield unavailable)
rNeg     + . .     Spirit   .   (armour unavailable)
rPois    .         Reflect  .   (helmet unavailable)
rElec    .         Harm     .   (cloak unavailable)
rCorr    .         Rampage  .   (gloves unavailable)
Will     .....                  (boots unavailable)
Stlth    +++.......             (no amulet)
HPRegen  0.04/turn              b - ring of positive energy
MPRegen  0.10/turn              (no ring)

@: lethally poisoned (2 -> -5), quick
A: very small, no armour, no weapons or thrown items, stealth, claws 1, fangs 3,
see invisible, speed 1, shaggy fur 1, sharp paws
a: no special abilities


You were on level 4 of the Dungeon.
You visited 1 branch of the dungeon, and saw 4 of its levels.

You collected 37 gold pieces.

Inventory:

Jewellery
 b - a ring of positive energy (left paw)
   (You found it on level 2 of the Dungeon)
Scrolls
 a - 2 scrolls of fog
 c - a scroll of noise {unknown}


   Skills:
 * Level 1.2 Fighting
 - Level 3.0 Dodging
 - Level 3.0 Stealth
 * Level 1.3 Unarmed Combat
 - Level 2.0 Spellcasting
 - Level 4.0 Summonings


You had 4 spell levels left.
You knew the following spells:

 Your Spells              Type           Power        Failure   Level
a - Summon Small Mammal   Summ           56%          4%          1

Your spell library contained the following spells:

 Spells                   Type           Power        Failure   Level
 Call Imp                 Summ           14%          6%          2
 Call Canine Familiar     Summ           14%          12%         3
 Summon Guardian Golem    Hex/Summ       8%           26%         3
 Summon Ice Beast         Ice/Summ       8%           65%         4
 Summon Lightning Spire   Summ/Air       8%           65%         4


Dungeon Overview and Level Annotations

Branches:
Dungeon (4/15)
 Temple: D:4-7

Altars:

Annotations:
D:3 Grinder


Innate Abilities, Weirdness & Mutations

You cannot wear armour.
You are incapable of wielding weapons or throwing items.
Your paws allow you to move quietly. (Stealth)
You have sharp claws.
You have razor-sharp teeth.
You have supernaturally acute eyesight. (SInv)
You cover ground quickly.
You are covered in fur. (AC +1)
Your sharp claws are effective at attacking unaware monsters.


Message History

No target in view!
Found a whip.
You hear the slow hiss of a very distant avalanche of sand.
Found a scroll labelled JAPIES CALOITO.
You open the door.
There is an open door here.
You see here a scroll labelled JAPIES CALOITO.
c - a scroll labelled JAPIES CALOITO An orc comes into view.
It is wielding a +0 dagger.
An adder comes into view.
Found 18 bolts.
An orc comes into view. It is wielding a +0 falchion.
Found a smelly ring mail.
Found 17 gold pieces.
You see here 17 gold pieces.
You now have 37 gold pieces (gained 17).
An iguana comes into view.
The iguana hisses angrily.
The iguana barely misses you.
You barely miss the adder.
The adder hisses angrily.
The adder completely misses you.
Casting: Summon Small Mammal (safe; 4% risk of failure)
Confirm with . or Enter, or press ? or * to list all spells.
You don't know that spell.
Casting: Summon Small Mammal (safe; 4% risk of failure)
Confirm with . or Enter, or press ? or * to list all spells.
You don't know that spell.
Casting: Summon Small Mammal (safe; 4% risk of failure)
Confirm with . or Enter, or press ? or * to list all spells.
The adder bites you.
You are lethally poisoned!
The adder poisons you! The adder bites you.
* * * LOW HITPOINT WARNING * * *
Casting: Summon Small Mammal (safe; 4% risk of failure)
Confirm with . or Enter, or press ? or * to list all spells.
Okay, then.
You aren't carrying any potions.
Okay, then.
Are you sure you want to abandon this character and quit the game? (Confirm with "yes".)

######## #.#.##.#######
######.#.##.......#
..........##.####.##
#########.##..#...##
#...oS.[.....#
.....#.##@.r.##.#
......#..#....##.##
......#...........#
......#####..######
.....o.(..........#
............#####.#####
...................#
.........#####.....#
.........# ########


You could see an adder, an orc and a friendly rat (summoned).

Vanquished Creatures
  A giant cockroach (D:2)
  A goblin (D:3)
  2 hobgoblins (D:2)
  2 frilled lizards
  A kobold (D:2)
7 creatures vanquished.

Vanquished Creatures (collateral kills)
  A hound zombie (D:2)
  A leopard gecko (D:2)
2 creatures vanquished.

Vanquished Creatures (others)
  2 plants (D:3)
2 creatures vanquished.

Grand Total: 11 creatures vanquished

Notes
Turn   | Place    | Note
-------+----------+-------------------------------------------
     0 | D:1      | CurlyBrace the Felid Summoner began the quest for the Orb.
     0 | D:1      | Reached XP level 1. HP: 7/7 MP: 4/4
    64 | D:2      | Reached skill level 1 in Unarmed Combat
    64 | D:2      | Reached XP level 2. HP: 12/12 MP: 1/6
   124 | D:2      | Reached skill level 1 in Fighting
   165 | D:3      | Noticed Grinder
   374 | D:4      | Quit the game

Illustrated notes

Levels and vault maps discovered:
D:1:      dpeg_arrival_rooms_with_view, layout_rooms
D:2:      layout_basic, uniq_natasha
D:3:      layout_basic, serial_forest, infiniplex_forest_clump_small,
          infiniplex_forest_side_room, infiniplex_forest_end_1,
          infiniplex_forest_clump_diagonal, infiniplex_forest_lined_2,
          infiniplex_forest_end_1, infiniplex_forest_lined_room_, uniq_ijyb,
          uniq_grinder
D:4:      layout_basic, nicolae_ossuary_entry_false_entrances

Skill      XL: |  1  2 |
---------------+-------+-----
Unarmed Combat | 1 |  1.3
Fighting       | 1 |  1.2
Stealth        | 3 |  3.0
Dodging        | 3 |  3.0
Spellcasting   | |  2.0
Summonings     | |  4.0

Action                   || total
-------------------------++-------
Melee: Unarmed           ||    34
       Bite              ||     3
 Cast: Summon Small Mamm ||    11
  Use: Scroll            ||     2
       Potion            ||     2
Armor: Skin              ||     4
Dodge: Dodged            ||    25

Table legend: (Time is in decaauts)
 A = Elapsed time spent in this place.
 B = Non-inter-level travel time spent in this place.
 C = Inter-level travel time spent in this place.
 D = Time resting spent in this place.
 E = Time spent auto-exploring this place.
 F = Levels seen in this place.
 G = Mean time per level.
                   A        B        C        D        E       F      G
               +--------+--------+--------+--------+--------+-----+--------+
         Total |    319 |    319 |      0 |     20 |      0 |   4 |   79.8 |
       Dungeon |    319 |    319 |      0 |     20 |      0 |   4 |   79.8 |
               +--------+--------+--------+--------+--------+-----+--------+

Top non-repeatable levels by time:
     D:2: 130 daAuts
     D:4: 92 daAuts
     D:3: 82 daAuts
     D:1: 13 daAuts
